[Event "Titled Tuesday Blitz December 7 2021"]
[White "Preotu, Razvan"]
[Black "Toncheva, Nadya"]
[WhiteFideId "2613280"]
[BlackFideId "2924056"]
[WhiteElo "2767"]
[BlackElo "2437"]
[Result "1-0"]
[Round "01"]
[TimeControl "180+1"]
[Date "2021.12.07"]
[WhiteClock "0:01:11"]
[BlackClock "0:01:17"]

1. e4 c5 2. Nf3 Nc6 3. Bb5 e6 4. O-O Nge7 5. Re1 a6 6. Bf1 d5 7. exd5 Nxd5 8. d4 Nf6 9. Be3 cxd4 10. Nxd4 Nxd4 11. Qxd4 Qxd4 12. Bxd4 Be7 13. Nd2 Bd7 14. Nc4 Bc6 15. c3 O-O 16. Na5 Rac8 17. Nxc6 Rxc6 18. Rad1 Nd5 19. g3 Bf6 20. Bg2 Rc4 21. Bxd5 exd5 22. Bxf6 gxf6 23. Rxd5 Rc7 24. Re4 Rfc8 25. Rg4+ Kf8 26. Rh5 Rc4 27. Rxc4 Rxc4 28. Rxh7 Ra4 29. a3 Re4 30. Rh8+ Ke7 31. Rb8 b5 32. Rb7+ Ke6 33. Rb6+ Kf5 34. Rxa6 Re2 35. Ra5 Rxb2 36. c4 Kg4 37. Rxb5 Ra2 38. Kg2 Rxa3 39. h3# 1-0


[Site "https://www.chess.com"]

[Event "Titled Tuesday Blitz December 7 2021"]
[White "Quispe Arteaga, Gabriel"]
[Black "Navalgund, Niranjan"]
[WhiteFideId "32059809"]
[BlackFideId "5030854"]
[WhiteElo "2731"]
[BlackElo "2416"]
[Result "0-1"]
[Round "01"]
[TimeControl "180+1"]
[Date "2021.12.07"]
[WhiteClock "0:00:04"]
[BlackClock "0:00:21"]

1. c4 e5 2. Nc3 Nc6 3. g3 f5 4. Bg2 Nf6 5. e3 d5 6. Nxd5 Nxd5 7. cxd5 Nb4 8. Qb3 e4 9. Ne2 Nd3+ 10. Kf1 Bd6 11. Nf4 Bxf4 12. gxf4 O-O 13. Qd1 Qh4 14. Qe2 b6 15. f3 Ba6 16. Kg1 exf3 17. Qxf3 Rf6 18. Qg3 Qh6 19. Qg5 Raf8 20. Qxh6 Rxh6 21. h4 Rff6 22. Rh2 Rfg6 23. b4 Ne1 24. Kf2 Nd3+ 25. Kg1 Bb7 26. Kh1 Ne1 27. h5 Rxg2 28. Rxg2 Bxd5 29. Kg1 Nxg2 30. Bb2 Rxh5 31. Rc1 c6 32. Kf2 Nh4 33. Rg1 Ng6 34. a4 Rh2+ 35. Ke1 Bc4 36. a5 bxa5 37. bxa5 a6 38. Bd4 Bd3 39. Kd1 Kf7 40. Kc1 h5 41. Kb2 Re2 42. Kc3 Bb5 43. Rg5 h4 44. Rxf5+ Kg8 45. Rg5 Kf7 46. Rf5+ Ke6 47. Rg5 Ne7 48. Rxg7 Nd5+ 49. Kc2 h3 50. Rh7 h2 51. Rh5 Rg2 52. f5+ Kf7 53. Rh7+ Ke8 54. Rh8+ Kd7 55. Rh7+ Kc8 56. e4 Ba4+ 57. Kc1 Rg1+ 58. Kb2 h1=Q 59. Rxh1 Rxh1 60. exd5 cxd5 61. f6 Rf1 62. Kc3 Kd7 63. Kb4 Kc6 64. Kxa4 Rf4 65. f7 Rxd4+ 66. Kb3 Rf4 0-1


[Site "https://www.chess.com"]

[Event "Titled Tuesday Blitz December 7 2021"]
[White "Reprintsev, Alexander"]
[Black "Zhigalko, Sergei"]
[WhiteFideId "14100541"]
[BlackFideId "13502956"]
[WhiteElo "2483"]
[BlackElo "2943"]
[Result "1/2-1/2"]
[Round "01"]
[TimeControl "180+1"]
[Date "2021.12.07"]
[WhiteClock "0:00:45"]
[BlackClock "0:00:06"]

1. e4 c5 2. b3 Nf6 3. e5 Nd5 4. Nc3 Nc7 5. d4 cxd4 6. Qxd4 Nc6 7. Qe3 d5 8. exd6 Qxd6 9. Bb2 Nb4 10. Qe4 Bd7 11. Rd1 Qe6 12. Qxe6 Nxe6 13. Rd2 O-O-O 14. a3 Nc6 15. Nf3 f6 16. g3 Nc7 17. Bg2 e5 18. O-O Be7 19. Rfd1 Bf5 20. Ne1 Rxd2 21. Rxd2 Nd4 22. Be4 Bg6 23. Bxg6 hxg6 24. Kg2 g5 25. h3 Rd8 26. Nf3 Nce6 27. Nxd4 Nxd4 28. Nd1 Ne6 29. Rxd8+ Bxd8 30. Ne3 Kd7 31. h4 gxh4 32. gxh4 Bb6 33. Kf3 Bd4 34. c3 Bxe3 35. fxe3 Nc5 36. b4 e4+ 37. Kg4 Nd3 38. Ba1 b5 39. Kf5 Nf2 40. Kg6 Ke6 41. Kxg7 f5 42. h5 Ng4 43. c4 bxc4 44. Bd4 a6 45. a4 f4 46. exf4 e3 47. b5 axb5 48. axb5 e2 49. Bc3 Kd5 50. h6 Nxh6 51. Kxh6 Ke4 52. b6 Kd3 53. Be1 c3 54. b7 c2 55. b8=Q c1=Q 56. Qd6+ Ke4 57. Qe5+ Kf3 58. Bc3 Qxf4+ 59. Qxf4+ Kxf4 60. Kg6 Kf3 61. Bb4 Kg2 62. Ba5 e1=Q 63. Bxe1 1/2-1/2


[Site "https://www.chess.com"]

[Event "Titled Tuesday Blitz December 7 2021"]
[White "Rodchenkov, Sergey D."]
[Black "Kucuksari, Kaan"]
[WhiteFideId "4168712"]
[BlackFideId "6380166"]
[WhiteElo "2409"]
[BlackElo "2720"]
[Result "1-0"]
[Round "01"]
[TimeControl "180+1"]
[Date "2021.12.07"]
[WhiteClock "0:00:48"]
[BlackClock "0:00:17"]

1. e4 c5 2. Nf3 e6 3. d4 cxd4 4. Nxd4 a6 5. Nc3 Qc7 6. Bd3 Nf6 7. Qe2 d6 8. f4 Nbd7 9. g4 Nc5 10. g5 Nfd7 11. Bd2 b5 12. O-O Bb7 13. b4 Nxd3 14. cxd3 h6 15. g6 Nf6 16. gxf7+ Qxf7 17. f5 e5 18. Ne6 Bc8 19. Nd5 Nxd5 20. exd5 Bxe6 21. fxe6 Qg6+ 22. Kh1 Be7 23. a4 bxa4 24. Rxa4 Rf8 25. Raa1 Rxf1+ 26. Rxf1 Bg5 27. Bxg5 Qxg5 28. Qd1 Ke7 29. Qa4 Ra7 30. Rf7+ Kd8 31. Rf8+ Kc7 32. Qc6# 1-0


[Site "https://www.chess.com"]

[Event "Titled Tuesday Blitz December 7 2021"]
[White "Rozman, Levy"]
[Black "Novikova, Galina"]
[WhiteFideId "2039877"]
[BlackFideId "4157095"]
[WhiteElo "2713"]
[BlackElo "2402"]
[Result "1-0"]
[Round "01"]
[TimeControl "180+1"]
[Date "2021.12.07"]
[WhiteClock "0:00:18"]
[BlackClock "0:00:02"]

1. d4 d5 2. c4 e5 3. dxe5 d4 4. Nf3 Nc6 5. Nbd2 Nge7 6. g3 a5 7. Bg2 Nf5 8. O-O Bc5 9. Ne4 Ba7 10. Bg5 Nce7 11. c5 h6 12. Bf4 Ng6 13. Qa4+ Bd7 14. Qxa5 Bc6 15. Nfd2 Nxf4 16. gxf4 O-O 17. Qb4 Qh4 18. e3 dxe3 19. fxe3 Nxe3 20. Qc3 Nxf1 21. Rxf1 Rad8 22. b4 Bb5 23. Rf3 Qe1+ 24. Bf1 Bxf1 25. Rxf1 Qh4 26. Qe3 b6 27. c6 Rd5 28. a4 Rfd8 29. b5 Rd3 30. Qe2 R3d4 31. e6 Qe7 32. f5 fxe6 33. f6 gxf6 34. Rxf6 Kh7 35. Qf3 Rg8+ 36. Kf1 Qg7 37. Rf7 Rd5 38. Nf6+ Kh8 39. Rxg7 Rxg7 40. Nxd5 exd5 41. Qf8+ Kh7 42. Qxg7+ Kxg7 43. Ke2 Kg6 44. Kd3 Kf6 45. Kd4 Ke6 46. Nf3 h5 47. Ng5+ Kf5 48. Nh7 Kg4 49. Nf6+ Kg5 50. Nxh5 Kxh5 51. Kxd5 Kg4 52. Ke6 Kh3 53. Kd7 Kxh2 54. Kc8 1-0


[Site "https://www.chess.com"]

[Event "Titled Tuesday Blitz December 7 2021"]
[White "Rustemov, Alexander"]
[Black "Guliev, Logman"]
[WhiteFideId "4119002"]
[BlackFideId "13400061"]
[WhiteElo "2755"]
[BlackElo "2428"]
[Result "1-0"]
[Round "01"]
[TimeControl "180+1"]
[Date "2021.12.07"]
[WhiteClock "0:00:51"]
[BlackClock "0:00:15"]

1. d4 Nf6 2. c4 e6 3. Nf3 Bb4+ 4. Bd2 c5 5. Bxb4 cxb4 6. g3 O-O 7. Bg2 d6 8. O-O a5 9. a3 Na6 10. Qd3 Qc7 11. Nbd2 Re8 12. e4 e5 13. h3 b6 14. Rfd1 Bb7 15. Ne1 Rad8 16. Nc2 exd4 17. axb4 axb4 18. Qxd4 Nc5 19. f3 d5 20. cxd5 Qxg3 21. Qf2 Qxf2+ 22. Kxf2 Nd3+ 23. Kg1 Nxb2 24. Rdb1 Nd3 25. Nxb4 Nf4 26. Nc4 N6h5 27. Ra7 Bc8 28. Nc6 Rd7 29. Rxd7 Bxd7 30. Nxb6 Bxh3 31. Bxh3 Nxh3+ 32. Kh2 N3f4 33. d6 Nf6 34. e5 g5 35. exf6 Re2+ 36. Kg1 Rd2 37. Nc4 Rc2 38. Rb8# 1-0


[Site "https://www.chess.com"]

[Event "Titled Tuesday Blitz December 7 2021"]
[White "Sadhwani, Raunak"]
[Black "Boidiya, Sidi"]
[WhiteFideId "35093487"]
[BlackFideId "19600100"]
[WhiteElo "2935"]
[BlackElo "2480"]
[Result "1-0"]
[Round "01"]
[TimeControl "180+1"]
[Date "2021.12.07"]
[WhiteClock "0:01:59"]
[BlackClock "0:00:38"]

1. e4 c5 2. Nf3 e6 3. b3 Nf6 4. e5 Nd5 5. Bb2 Nc6 6. g3 Qc7 7. Bg2 Be7 8. O-O O-O 9. Na3 a6 10. c4 Nb6 11. Nc2 d5 12. exd6 Bxd6 13. d4 cxd4 14. Nfxd4 Rd8 15. Nxc6 bxc6 16. Qe2 Bb7 17. Rfd1 Bf8 18. Be5 Qc8 19. h4 c5 20. Rxd8 Qxd8 21. Bxb7 1-0


[Site "https://www.chess.com"]

[Event "Titled Tuesday Blitz December 7 2021"]
[White "Sanal, Vahap"]
[Black "Eynullayev, Atilla"]
[WhiteFideId "6300545"]
[BlackFideId "13413570"]
[WhiteElo "2901"]
[BlackElo "2471"]
[Result "1-0"]
[Round "01"]
[TimeControl "180+1"]
[Date "2021.12.07"]
[WhiteClock "0:01:37"]
[BlackClock "0:00:03"]

1. e4 c5 2. Nf3 e6 3. g3 a6 4. Bg2 b5 5. O-O Bb7 6. Re1 d6 7. a4 Nc6 8. d4 cxd4 9. Nxd4 Nxd4 10. Qxd4 e5 11. Qd3 bxa4 12. Nc3 Nf6 13. Bg5 Be7 14. Rxa4 h6 15. Bxf6 Bxf6 16. Nd5 O-O 17. c3 Bc6 18. Nxf6+ Qxf6 19. Rxa6 Rxa6 20. Qxa6 Ba8 21. Rd1 Rd8 22. h4 Qg6 23. Qd3 Kh7 24. b4 Qf6 25. c4 Qe7 26. c5 Qb7 27. Qd2 Rb8 28. cxd6 Rd8 29. Qc3 Qb5 30. Rd2 Rd7 31. Kh2 Qb7 32. Qxe5 Qxb4 33. Qf5+ g6 34. Qxd7 Qxd2 1-0


[Site "https://www.chess.com"]

[Event "Titled Tuesday Blitz December 7 2021"]
[White "Saraci, Nderim"]
[Black "Dmitrenko, Viktor"]
[WhiteFideId "6351921"]
[BlackFideId "14110270"]
[WhiteElo "2811"]
[BlackElo "2455"]
[Result "1-0"]
[Round "01"]
[TimeControl "180+1"]
[Date "2021.12.07"]
[WhiteClock "0:00:23"]
[BlackClock "0:00:19"]

1. d4 e6 2. Nf3 Nf6 3. c4 a6 4. g3 b5 5. c5 Bb7 6. Bg2 d6 7. cxd6 cxd6 8. O-O Nbd7 9. a4 b4 10. a5 Bd5 11. Nbd2 Be7 12. Qa4 Rb8 13. b3 O-O 14. Bb2 Ne4 15. Nxe4 Bxe4 16. Rfc1 Nf6 17. Nd2 Bxg2 18. Kxg2 Rb5 19. f3 Nd5 20. Rc6 Qa8 21. Rac1 Nc3 22. R6xc3 bxc3 23. Bxc3 Qb7 24. Rb1 d5 25. Nf1 Rc8 26. Be1 Rc2 27. Kf2 h5 28. Ne3 Rc8 29. b4 Bg5 30. Qd1 Bxe3+ 31. Kxe3 Rc4 32. Kf2 Qc7 33. Qd3 h4 34. Rd1 hxg3+ 35. hxg3 Rb8 36. Qe3 Rc2 37. Bd2 Qc4 38. Rh1 f6 39. Qxe6+ 1-0


[Site "https://www.chess.com"]

[Event "Titled Tuesday Blitz December 7 2021"]
[White "Savchenko, Boris"]
[Black "Ronka, Erik"]
[WhiteFideId "4147332"]
[BlackFideId "505080"]
[WhiteElo "2850"]
[BlackElo "2460"]
[Result "1-0"]
[Round "01"]
[TimeControl "180+1"]
[Date "2021.12.07"]
[WhiteClock "0:01:41"]
[BlackClock "0:00:24"]

1. e4 c6 2. d4 d5 3. e5 c5 4. dxc5 e6 5. a3 Nc6 6. Nf3 Bxc5 7. b4 Bb6 8. Bd3 Nge7 9. Bb2 Ng6 10. g3 d4 11. Qe2 Qd5 12. c4 dxc3 13. Nxc3 Qd8 14. O-O-O Qe7 15. h4 Bc7 16. Nb5 a6 17. Nd6+ Kf8 18. Kb1 Ngxe5 19. Nxc8 Rxc8 20. Nxe5 Nxe5 21. Bxe5 Bxe5 22. Qxe5 f6 23. Qe4 Kf7 24. Rc1 a5 25. Rxc8 Rxc8 26. Qxh7 f5 27. h5 Rc3 28. h6 Rb3+ 29. Kc2 1-0


[Site "https://www.chess.com"]

[Event "Titled Tuesday Blitz December 7 2021"]
[White "Schmidt, Tobias"]
[Black "Shipov, Sergei"]
[WhiteFideId "1271683"]
[BlackFideId "4113624"]
[WhiteElo "2428"]
[BlackElo "2754"]
[Result "0-1"]
[Round "01"]
[TimeControl "180+1"]
[Date "2021.12.07"]
[WhiteClock "0:00:18"]
[BlackClock "0:01:12"]

1. e4 e6 2. d4 d5 3. Nd2 Be7 4. e5 c5 5. Qg4 Kf8 6. c3 Nc6 7. Bd3 h5 8. Qf4 g5 9. Qe3 Nh6 10. h3 cxd4 11. cxd4 Qb6 12. Ne2 Nf5 13. Bxf5 exf5 14. Nb3 f4 15. Qd3 Nb4 16. Qb1 Qa6 17. Bd2 Nd3+ 18. Kf1 Bf5 19. Rh2 Bg6 20. Qd1 Nxb2 21. Qc1 Nc4 22. Bc3 h4 23. Qe1 Kg7 24. Nc5 Qc6 25. Kg1 b6 26. Nb3 a5 27. Rc1 Ba3 28. Ra1 Rae8 29. Qd1 Qe6 30. Be1 Qf5 31. g3 hxg3 32. fxg3 Rxh3 33. gxf4 Rxh2 34. Kxh2 Rh8+ 35. Kg1 Qh3 36. Ng3 Qh2+ 37. Kf1 Ne3# 0-1


[Site "https://www.chess.com"]

[Event "Titled Tuesday Blitz December 7 2021"]
[White "Seul, Georg"]
[Black "Nakamura, Hikaru"]
[WhiteFideId "4601653"]
[BlackFideId "2016192"]
[WhiteElo "2507"]
[BlackElo "3147"]
[Result "0-1"]
[Round "01"]
[TimeControl "180+1"]
[Date "2021.12.07"]
[WhiteClock "0:01:20"]
[BlackClock "0:01:50"]

1. e4 g6 2. d4 Bg7 3. Nf3 c6 4. c3 d5 5. e5 Bg4 6. Be2 Bxf3 7. Bxf3 e6 8. O-O Nd7 9. Be2 c5 10. Be3 Ne7 11. f4 Qb6 12. Qd2 cxd4 13. cxd4 Nf5 14. Bf2 h5 15. Nc3 Bf8 16. Rac1 a6 17. Na4 Qb4 18. Qxb4 Bxb4 19. a3 Bd2 20. Rc7 Rb8 21. g3 Kd8 22. Rc2 Be3 23. Rd1 Rc8 24. Rxc8+ Kxc8 25. Bxe3 Nxe3 26. Rc1+ Kb8 27. Nc5 Nxc5 28. Rxc5 Nf5 29. Kf2 Nxd4 30. Bd3 Rc8 31. Rxc8+ Kxc8 32. Ke3 Nf5+ 33. Bxf5 gxf5 34. Kd4 Kc7 35. Kc5 b6+ 36. Kd4 Kc6 37. a4 a5 0-1


[Site "https://www.chess.com"]

[Event "Titled Tuesday Blitz December 7 2021"]
[White "Shahade, Gregory"]
[Black "Garagulya, Konstantin"]
[WhiteFideId "2009064"]
[BlackFideId "4128931"]
[WhiteElo "2675"]
[BlackElo "2329"]
[Result "1-0"]
[Round "01"]
[TimeControl "180+1"]
[Date "2021.12.07"]
[WhiteClock "0:00:12"]
[BlackClock "0:00:09"]

1. e4 c5 2. Nf3 a6 3. c3 d5 4. exd5 Qxd5 5. d4 Nf6 6. Bd3 cxd4 7. cxd4 e6 8. Nc3 Qd6 9. O-O Nc6 10. Re1 Be7 11. Bg5 O-O 12. a3 Rd8 13. Bc2 Nxd4 14. Nxd4 Qxd4 15. Qf3 Qc5 16. h4 h6 17. Bf4 Qh5 18. Qg3 Qg4 19. Qh2 Nh5 20. Bc7 Rd2 21. Bd1 Qg6 22. Bf3 Rxb2 23. Rad1 Nf6 24. Be5 Qc2 25. Re2 Qb3 26. Rxb2 Qxb2 27. Nd5 Qxa3 28. Nxe7+ Qxe7 29. Qf4 Bd7 30. Bxf6 gxf6 31. Qxh6 Be8 32. Qf4 Rd8 33. Qg3+ Kf8 34. Re1 b5 35. h5 f5 36. h6 Qf6 37. h7 Qg7 38. Qh4 Qh8 39. Qxd8 Qxh7 40. Bc6 1-0


[Site "https://www.chess.com"]

[Event "Titled Tuesday Blitz December 7 2021"]
[White "Silva Lucena, Cristian"]
[Black "Rozum, Ivan"]
[WhiteFideId "2232588"]
[BlackFideId "24104272"]
[WhiteElo "2405"]
[BlackElo "2718"]
[Result "0-1"]
[Round "01"]
[TimeControl "180+1"]
[Date "2021.12.07"]
[WhiteClock "0:01:43"]
[BlackClock "0:01:45"]

1. Nf3 Nf6 2. d4 g6 3. e3 d6 4. Be2 Nbd7 5. O-O e5 6. d5 Bg7 7. c4 O-O 8. b4 Re8 9. Bb2 c6 10. Nc3 e4 11. Nd4 cxd5 12. cxd5 Ne5 13. Rc1 h5 14. Ncb5 Re7 15. Qb3 Bg4 16. Bxg4 hxg4 17. Rc3 a6 18. Na3 Nf3+ 19. gxf3 gxf3 20. Kh1 Ng4 21. h3 Re5 22. Nxf3 exf3 23. Rc4 Qh4 24. Bxe5 Qxh3+ 25. Kg1 Qg2# 0-1


[Site "https://www.chess.com"]

[Event "Titled Tuesday Blitz December 7 2021"]
[White "Sipila, Vilka"]
[Black "Juhasz, Agoston"]
[WhiteFideId "505455"]
[BlackFideId "778346"]
[WhiteElo "2776"]
[BlackElo "2441"]
[Result "0-1"]
[Round "01"]
[TimeControl "180+1"]
[Date "2021.12.07"]
[WhiteClock "0:00:15"]
[BlackClock "0:00:05"]

1. b3 b6 2. Bb2 Bb7 3. Nf3 Nf6 4. g3 g6 5. Bg2 Bg7 6. O-O O-O 7. c4 c5 8. d4 cxd4 9. Nxd4 Bxg2 10. Kxg2 Nc6 11. Nc3 Qc7 12. e4 Rfd8 13. Nd5 Nxd5 14. exd5 Nxd4 15. Bxd4 Bxd4 16. Qxd4 e5 17. Qh4 d6 18. f4 exf4 19. Rxf4 Re8 20. Raf1 Re2+ 21. R4f2 Rae8 22. Qg4 Qe7 23. b4 f5 24. Qf3 Re3 25. Qf4 Rc3 26. Kg1 Qe5 27. Qh4 Qe4 28. Rf4 Qe3+ 29. Kh1 Rc2 30. Qf6 Qe2 31. R1f2 Qe1+ 32. Kg2 Rxf2+ 33. Rxf2 Qe4+ 34. Kh3 Qg4+ 35. Kg2 Qe4+ 36. Kg1 Qe1+ 37. Rf1 Qxb4 38. g4 Qc5+ 39. Kh1 Qxc4 40. Rf2 Qxd5+ 41. Kg1 Re1+ 42. Rf1 Qc5+ 43. Kg2 Qc2+ 44. Rf2 Qe4+ 45. Rf3 Re2+ 46. Kg3 Qxg4# 0-1


[Site "https://www.chess.com"]

[Event "Titled Tuesday Blitz December 7 2021"]
[White "Starozhilov, Leonid"]
[Black "Lomaia, Diana"]
[WhiteFideId "14106752"]
[BlackFideId "13612476"]
[WhiteElo "2780"]
[BlackElo "2446"]
[Result "0-1"]
[Round "01"]
[TimeControl "180+1"]
[Date "2021.12.07"]
[WhiteClock "0:00:03"]
[BlackClock "0:00:25"]

1. e4 c5 2. Nf3 Nc6 3. Bb5 g6 4. O-O Bg7 5. Nc3 Nf6 6. Re1 O-O 7. Bxc6 dxc6 8. d3 Qc7 9. h3 b6 10. Bg5 h6 11. Bh4 Nh5 12. Rb1 a5 13. Nd2 b5 14. Ne2 Rd8 15. g4 Nf4 16. Nxf4 Qxf4 17. Bxe7 Re8 18. Bxc5 h5 19. Be3 Qc7 20. Qf3 hxg4 21. hxg4 c5 22. Kg2 c4 23. Rh1 Bb7 24. Bg5 Qe5 25. Bf4 Qe6 26. g5 Rad8 27. Qh3 cxd3 28. cxd3 Qxa2 29. Rbc1 Qe6 30. Qh7+ Kf8 31. Rc7 Rd7 32. Rhc1 Ba8 33. Qh2 Rxd3 34. f3 Red8 35. R1c2 b4 36. Nf1 b3 37. Rf2 Bxe4 38. fxe4 Qxe4+ 39. Kg1 Rd1 40. Qg3 Bd4 41. Qh4 Bxf2+ 42. Qxf2 Rxf1+ 43. Qxf1 Rd3 44. Rc3 Qd4+ 45. Kh2 Qh8+ 46. Kg2 Qh3+ 47. Kg1 Qg4+ 48. Qg2 Rd1+ 49. Kf2 Qxf4+ 50. Rf3 Rd2+ 51. Ke1 Rxg2 52. Rxf4 Rxb2 53. Ra4 Ra2 0-1


[Site "https://www.chess.com"]

[Event "Titled Tuesday Blitz December 7 2021"]
[White "Svane, Rasmus"]
[Black "Hindermann, Felix"]
[WhiteFideId "4657101"]
[BlackFideId "1305212"]
[WhiteElo "2944"]
[BlackElo "2483"]
[Result "1-0"]
[Round "01"]
[TimeControl "180+1"]
[Date "2021.12.07"]
[WhiteClock "0:00:12"]
[BlackClock "0:00:15"]

1. Nf3 e6 2. g3 b6 3. Bg2 Bb7 4. O-O f5 5. d3 Nf6 6. e4 g6 7. e5 Ng4 8. h3 Nh6 9. Bg5 Qc8 10. Bf6 Rg8 11. Ng5 Bxg2 12. Kxg2 Qb7+ 13. Kh2 Nc6 14. Nxh7 Be7 15. Qd2 Nf7 16. Bxe7 Kxe7 17. d4 g5 18. Nc3 Rh8 19. Nf6 Ncxe5 20. dxe5 Nxe5 21. Nfd5+ Kf7 22. f4 Ng4+ 23. Kg2 exd5 24. Qxd5+ Qxd5+ 25. Nxd5 Nf6 26. Rad1 gxf4 27. Rxf4 Nxd5 28. Rxd5 Ke6 29. Rdxf5 d6 30. Rf7 c5 31. c4 Rh6 32. h4 Rg8 33. Kh3 d5 34. cxd5+ Kxd5 35. Rxa7 Rhg6 36. g4 Re6 37. Rd7+ Kc6 38. Rd2 Re3+ 39. Kg2 b5 40. g5 c4 41. a3 Kc5 42. Rf5+ Kc6 43. h5 Rge8 44. g6 R8e4 45. Rg5 Rd3 46. Rf2 Re1 47. g7 Rdd1 48. g8=Q 1-0


[Site "https://www.chess.com"]

[Event "Titled Tuesday Blitz December 7 2021"]
[White "Sviridov, Valery"]
[Black "Silva, Miguel Antonio Neto"]
[WhiteFideId "4120680"]
[BlackFideId "1911929"]
[WhiteElo "3001"]
[BlackElo "2497"]
[Result "1-0"]
[Round "01"]
[TimeControl "180+1"]
[Date "2021.12.07"]
[WhiteClock "0:02:10"]
[BlackClock "0:01:35"]

1. Nf3 c5 2. g3 Nc6 3. Bg2 g6 4. O-O Bg7 5. c4 d6 6. Nc3 e5 7. Ne1 Nge7 8. Nc2 Be6 9. Ne3 O-O 10. a3 a5 11. Rb1 Qd7 12. Ned5 Rab8 13. d3 Bh3 14. Qa4 Bxg2 15. Kxg2 Rfd8 16. Bg5 Nxd5 17. cxd5 Ne7 18. Qxd7 Rxd7 19. Bxe7 Rxe7 20. a4 f5 21. e4 Rd7 22. Nb5 Kf7 23. f3 Bh6 24. Kf2 Bd2 25. Na3 Bb4 26. Nc4 b5 27. axb5 Rxb5 28. Ra1 Ke7 29. Ke2 Rdb7 30. Kd1 Ra7 31. Ra4 Ra8 32. Kc2 Rf8 33. Raa1 Kd7 34. f4 exf4 35. gxf4 fxe4 36. dxe4 Rbb8 37. e5 dxe5 38. fxe5 Rbe8 39. Kd3 Rf5 40. Rxf5 gxf5 41. Rg1 1-0


[Site "https://www.chess.com"]

[Event "Titled Tuesday Blitz December 7 2021"]
[White "Tarhan, Adar"]
[Black "Pour Agha Bala, Amirreza"]
[WhiteFideId "34544712"]
[BlackFideId "12572896"]
[WhiteElo "2487"]
[BlackElo "2960"]
[Result "0-1"]
[Round "01"]
[TimeControl "180+1"]
[Date "2021.12.07"]
[WhiteClock "0:00:27"]
[BlackClock "0:01:26"]

1. e4 c5 2. Nf3 Nc6 3. d4 cxd4 4. Nxd4 e6 5. Nc3 a6 6. Nxc6 bxc6 7. Bd3 d5 8. O-O Nf6 9. exd5 cxd5 10. Na4 Bd6 11. Be3 Rb8 12. c4 O-O 13. c5 Bc7 14. Rb1 Bd7 15. Nb6 Bb5 16. a4 Bxd3 17. Qxd3 e5 18. a5 d4 19. Bg5 e4 20. Qxa6 Bxh2+ 21. Kh1 Be5 22. Qc4 h6 23. Bxf6 Qxf6 24. g3 Qf3+ 25. Kh2 Rbe8 26. Qd5 Re6 27. a6 h5 28. a7 h4 29. a8=Q hxg3+ 30. Kg1 gxf2+ 31. Rxf2 Qg3+ 32. Kf1 Qd3+ 33. Re2 Rf6+ 34. Kg1 Qxb1+ 35. Kg2 Qf1# 0-1


[Site "https://www.chess.com"]

[Event "Titled Tuesday Blitz December 7 2021"]
[White "Tomaszewski, Kacper"]
[Black "Le, Tuan Minh"]
[WhiteFideId "1127373"]
[BlackFideId "12401153"]
[WhiteElo "2484"]
[BlackElo "2952"]
[Result "1-0"]
[Round "01"]
[TimeControl "180+1"]
[Date "2021.12.07"]
[WhiteClock "0:00:14"]
[BlackClock "0:00:08"]

1. d4 d5 2. c4 c6 3. Nc3 Nf6 4. Nf3 a6 5. Ne5 e6 6. e3 Nbd7 7. f4 Be7 8. Bd2 O-O 9. c5 Nxe5 10. fxe5 Nd7 11. Bd3 b6 12. b4 a5 13. a3 axb4 14. axb4 Rxa1 15. Qxa1 bxc5 16. bxc5 f6 17. exf6 Bxf6 18. O-O e5 19. Na4 Re8 20. Nb6 Nxb6 21. Ba5 exd4 22. exd4 Qe7 23. Re1 Qf7 24. cxb6 c5 25. Bc3 c4 26. Bc2 Rf8 27. Bb4 Re8 28. Kh1 Rxe1+ 29. Bxe1 Qb7 30. Qa4 Bd7 31. Qa7 Bc6 32. Ba4 Qxa7 33. bxa7 Ba8 34. Bc3 Kf7 35. Kg1 Ke6 36. Kf2 Kd6 37. Ke3 Kc7 38. Bb4 Kb7 39. Bc5 Bg5+ 40. Ke2 Bd8 41. Bc2 Bb6 42. Bxb6 Kxb6 43. Bxh7 Kxa7 44. Kd2 Kb6 45. Kc3 Kc7 46. g4 Kd6 47. h4 Ke7 48. Bg6 Kf6 49. Bf5 Bb7 50. Bd7 Ke7 51. Bf5 Bc6 52. Bg6 Bd7 53. g5 Bg4 54. Bh7 Kf7 55. Bb1 Bf3 56. Bc2 Ke6 57. Bb1 Bg4 58. Bh7 Bf5 59. Bg8+ Kd6 60. h5 Be4 61. h6 gxh6 62. gxh6 Ke7 63. h7 Bxh7 64. Bxh7 Kd6 65. Bg8 Kc6 66. Kb4 Kd6 67. Bh7 Kc6 68. Bf5 Kb6 69. Bc2 Kc6 70. Ka5 Kd6 71. Kb6 Kd7 72. Kc5 Ke6 73. Kc6 c3 74. Kc5 Ke7 75. Kxd5 Kd7 76. Kc4 Kd6 77. Kxc3 Kd5 78. Kd3 Kd6 79. Bb3 1-0


[Site "https://www.chess.com"]

[Event "Titled Tuesday Blitz December 7 2021"]
[White "Urbina Perez, Juan Antonio"]
[Black "Obolenskikh, Dmitry"]
[WhiteFideId "2217368"]
[BlackFideId "4156013"]
[WhiteElo "2451"]
[BlackElo "2786"]
[Result "0-1"]
[Round "01"]
[TimeControl "180+1"]
[Date "2021.12.07"]
[WhiteClock "0:00:03"]
[BlackClock "0:01:42"]

1. e4 e5 2. Nf3 Nc6 3. Bc4 Bc5 4. O-O Nf6 5. d3 d6 6. a4 a6 7. Re1 Ba7 8. c3 O-O 9. Be3 Be6 10. Bxe6 fxe6 11. Bxa7 Rxa7 12. Nbd2 Qd7 13. d4 exd4 14. cxd4 Raa8 15. Qb3 Kh8 16. Rac1 Rab8 17. d5 exd5 18. exd5 Ne7 19. Ne4 Nexd5 20. Neg5 h6 21. Ne6 Rfe8 22. Ned4 c5 23. Nc2 b5 24. axb5 axb5 25. Ne3 c4 26. Qa3 b4 27. Qa6 Nxe3 28. fxe3 d5 29. Nd4 Ng4 30. Qg6 Ne5 31. Qh5 Nd3 32. Rcd1 Nxe1 33. Rxe1 b3 34. Nf5 Re5 35. Qg6 Qxf5 0-1


[Site "https://www.chess.com"]

[Event "Titled Tuesday Blitz December 7 2021"]
[White "Vakhlamov, Igor L."]
[Black "Daniel, Damian"]
[WhiteFideId "24126748"]
[BlackFideId "1183621"]
[WhiteElo "2726"]
[BlackElo "2412"]
[Result "1-0"]
[Round "01"]
[TimeControl "180+1"]
[Date "2021.12.07"]
[WhiteClock "0:00:03"]
[BlackClock "0:00:01"]

1. e4 c5 2. Nf3 d6 3. Nc3 Nf6 4. d4 cxd4 5. Qxd4 a6 6. Bc4 Nc6 7. Qd3 Bg4 8. Bb3 Bxf3 9. Qxf3 Nd4 10. Qg3 e6 11. O-O Rc8 12. Rd1 Rxc3 13. Qh4 Nxb3 14. cxb3 Rc2 15. Bg5 Be7 16. e5 Nd5 17. Bxe7 Qxe7 18. Qa4+ Qd7 19. Qe4 Qc6 20. exd6 O-O 21. h3 Rc8 22. Qe5 Qc5 23. Rf1 Rd8 24. d7 Qc7 25. Qe4 Rc6 26. Rad1 Qxd7 27. Rd3 Qc7 28. Rdd1 Rc8 29. g3 g6 30. h4 Rc2 31. h5 Qd8 32. Qe5 Qc7 33. Qd4 Qb6 34. Qe5 Qb5 35. h6 Kf8 36. a4 Qc6 37. Rfe1 f6 38. Qd4 Kf7 39. Qe4 Rc7 40. b4 Qb6 41. Qf3 Qxb4 42. Kg2 Qc5 43. Re4 Qc6 44. Rde1 e5 45. Rxe5 Ne7 46. R5e4 Nf5 47. Kg1 Re7 48. Qd3 Rxe4 49. Rxe4 Ne7 50. Qb3+ Kf8 51. Qe3 Rc1+ 52. Kh2 Qc5 53. Qf3 Qh5+ 54. Qxh5 gxh5 55. Rb4 Rc2 56. Kg2 b5 57. axb5 axb5 58. Rxb5 Kf7 59. Rxh5 Rxb2 60. Rh4 Kg6 61. g4 Nd5 62. Kg3 Ne7 63. f3 Rb3 64. Rh1 Ra3 65. Kf4 Nc6 66. Kg3 Ne5 67. Rf1 Kxh6 68. Kf4 Kg6 69. Ke4 Ra4+ 70. Ke3 Ra3+ 71. Ke4 Nd3 72. f4 Nc5+ 73. Kd5 Nd3 74. Ke4 1-0


[Site "https://www.chess.com"]

[Event "Titled Tuesday Blitz December 7 2021"]
[White "Van Dael, Siem"]
[Black "Leitao, Rafael"]
[WhiteFideId "1049771"]
[BlackFideId "2101246"]
[WhiteElo "2089"]
[BlackElo "2609"]
[Result "0-1"]
[Round "01"]
[TimeControl "180+1"]
[Date "2021.12.07"]
[WhiteClock "0:00:03"]
[BlackClock "0:00:54"]

1. e4 e5 2. Nf3 Nc6 3. Bc4 Nf6 4. Ng5 d5 5. exd5 Na5 6. Bb5+ c6 7. dxc6 bxc6 8. Bd3 Nd5 9. h4 Nf4 10. Bf1 h6 11. Nf3 Bg4 12. d4 Bd6 13. Bxf4 exf4 14. Bd3 O-O 15. O-O Rb8 16. b3 c5 17. c3 cxd4 18. cxd4 Be7 19. Bc2 Nc6 20. Qd3 g6 21. a3 Bxf3 22. Qxf3 Nxd4 23. Qd3 Bf6 24. Nd2 Nxc2 25. Qxc2 Bxa1 26. Rxa1 Qxh4 27. Ne4 Qe7 28. Nc5 f3 29. Rd1 Qg5 30. g3 Qh5 0-1


[Site "https://www.chess.com"]